| TOP OF THE 1ST |
|
Bowie Baysox batting - Pitching for Jackson Generals : RHP Chris Gilbo
|
|
Pitching: RHP Chris Gilbo
|
|
|
Batting: RHB Rudo Garciaparra
|
0-0: Ball 1-0: Called Strike 1-1: Ground out 6-3 (Groundball, 6, EV 106.9 MPH)
|
|
Batting: RHB Chase Cassidy
|
0-0: Foul Ball, location: 2F 0-1: Ball 1-1: Ground out 3-1 (Groundball, 13, EV 91.2 MPH)
|
|
Batting: SHB Justin Toth
|
0-0: Swinging Strike 0-1: Ball 1-1: Called Strike 1-2: Ball 2-2: Ground out U3 (Groundball, 34S, EV 87.5 MPH)
|
| Top of the 1st over - 0 runs, 0 hits, 0 errors, 0 left on base; Bowie 0 - Jackson 0 |
| BOTTOM OF THE 1ST |
|
Jackson Generals batting - Pitching for Bowie Baysox : RHP Andy Rondeau
|
|
Pitching: RHP Andy Rondeau
|
|
|
Batting: RHB Malik Brookshire
|
0-0: Ball 1-0: Ground out 6-3 (Groundball, 6, EV 91.9 MPH)
|
|
Batting: RHB Sean Peake
|
0-0: Ball 1-0: Foul Ball, location: 2F 1-1: Fly out, F8 (Flyball, 78XD, EV 98.8 MPH)
|
|
Batting: LHB Jerrod Cluck
|
0-0: Ball 1-0: Called Strike 1-1: Ball 2-1: Foul Ball, location: 2F 2-2: Ball 3-2: SINGLE (Groundball, 3D, EV 96.2 MPH)
|
|
Batting: LHB Cliff Thomas
|
0-0: Ball 1-0: Called Strike 1-1: Ball 2-1: Called Strike 2-2: Ball 3-2: Foul Ball, location: 2F 3-2: Ground out 4-3 (Groundball, 4MS, EV 88.8 MPH)
|
| Bottom of the 1st over - 0 runs, 1 hit, 0 errors, 1 left on base; Bowie 0 - Jackson 0 |
| TOP OF THE 2ND |
|
Bowie Baysox batting - Pitching for Jackson Generals : RHP Chris Gilbo
|
|
Batting: SHB Tony Pantaleon
|
0-0: Foul Ball, location: 2F 0-1: Ball 1-1: Foul Ball, location: 2F 1-2: Strikes out swinging
|
|
Batting: RHB Andy Chess
|
0-0: Called Strike 0-1: Called Strike 0-2: Ball 1-2: Strikes out swinging
|
|
Batting: RHB Longfellow Wetzler
|
0-0: Ball 1-0: Swinging Strike 1-1: Swinging Strike 1-2: Strikes out swinging
|
| Top of the 2nd over - 0 runs, 0 hits, 0 errors, 0 left on base; Bowie 0 - Jackson 0 |
| BOTTOM OF THE 2ND |
|
Jackson Generals batting - Pitching for Bowie Baysox : RHP Andy Rondeau
|
|
Batting: LHB Tom Reynolds
|
0-0: Swinging Strike 0-1: Foul Ball, location: 2F 0-2: Foul Ball, location: 2F 0-2: Strikes out swinging
|
|
Batting: LHB Matt Purke Jr.
|
0-0: Swinging Strike 0-1: Ball 1-1: Ball 2-1: Ball 3-1: Foul Ball, location: 2F 3-2: Base on Balls
|
|
Batting: LHB Justin Long
|
0-0: Ball 1-0: Called Strike 1-1: Foul Ball, location: 2F 1-2: Ball 2-2: Ball 3-2: Foul Ball, location: 2F 3-2: Foul Ball, location: 2F 3-2: Base on Balls Matt Purke Jr. to second
|
|
Batting: RHB Brad Robidas
|
0-0: Ball 1-0: SINGLE (Line Drive, 8LS, EV 108.1 MPH) Matt Purke Jr. to third Justin Long to second
|
|
Batting: RHB Jesus Torres
|
0-0: Called Strike 0-1: Ball 1-1: Fly out, F8 (Line Drive, 8LD, EV 91.2 MPH) Runner from 3rd tags up, OUT at HOME! 8-2
|
| Bottom of the 2nd over - 0 runs, 1 hit, 0 errors, 2 left on base; Bowie 0 - Jackson 0 |
| TOP OF THE 3RD |
|
Bowie Baysox batting - Pitching for Jackson Generals : RHP Chris Gilbo
|
|
Batting: RHB Ashton Holloway
|
0-0: Ball 1-0: Ball 2-0: Foul Ball, location: 2F 2-1: Swinging Strike 2-2: Fly out, F8 (Flyball, 8RM, EV 82.5 MPH)
|
|
Batting: RHB Danny Merrill
|
0-0: Ball 1-0: Foul Ball, location: 2F 1-1: Ground out 3-1 (Groundball, 34S, EV 85.0 MPH)
|
|
Batting: RHB R.J. Chapple
|
0-0: Called Strike 0-1: SOLO HOME RUN (Line Drive, 78XD, EV 115.6 MPH), Distance : 440 ft
|
|
Batting: RHB Rudo Garciaparra
|
0-0: Ball 1-0: Foul Ball, location: 2F 1-1: Swinging Strike 1-2: DOUBLE (Flyball, 8RXD, EV 111.9 MPH)
|
|
Batting: RHB Chase Cassidy
|
0-0: Ball 1-0: Called Strike 1-1: 2-RUN HOME RUN (Flyball, 7D, EV 98.8 MPH), Distance : 385 ft
|
|
Batting: SHB Justin Toth
|
0-0: Called Strike 0-1: Ball 1-1: Called Strike 1-2: Foul Ball, location: 2F 1-2: Foul Ball, location: 2F 1-2: Strikes out swinging
|
| Top of the 3rd over - 3 runs, 3 hits, 0 errors, 0 left on base; Bowie 3 - Jackson 0 |
| BOTTOM OF THE 3RD |
|
Jackson Generals batting - Pitching for Bowie Baysox : RHP Andy Rondeau
|
|
Batting: RHB Malik Brookshire
|
0-0: Ball 1-0: Ball 2-0: Called Strike 2-1: Ball 3-1: Called Strike 3-2: SINGLE (Groundball, 6S, EV 72.5 MPH) (infield hit)
|
|
Batting: RHB Sean Peake
|
0-0: Ball 1-0: Ball Malik Brookshire steals 2nd base 2-0: Called Strike 2-1: Foul Ball, location: 2F 2-2: Ball 3-2: Foul Ball, location: 2F 3-2: Fly out, F9 (Flyball, 9S, EV 71.9 MPH)
|
|
Batting: LHB Jerrod Cluck
|
0-0: Fly out, F1 (Line Drive, P, EV 63.8 MPH)
|
|
Batting: LHB Cliff Thomas
|
0-0: Ball 1-0: Foul Ball, location: 2F 1-1: Foul Ball, location: 2F 1-2: Foul Ball, location: 2F 1-2: Fly out, F7 (Flyball, 78D, EV 102.5 MPH)
|
| Bottom of the 3rd over - 0 runs, 1 hit, 0 errors, 1 left on base; Bowie 3 - Jackson 0 |
| TOP OF THE 4TH |
|
Bowie Baysox batting - Pitching for Jackson Generals : RHP Chris Gilbo
|
|
Batting: SHB Tony Pantaleon
|
0-0: Called Strike 0-1: Ball 1-1: Foul Ball, location: 2F 1-2: Ball 2-2: Strikes out swinging
|
|
Batting: RHB Andy Chess
|
0-0: Ball 1-0: Ball 2-0: Foul Ball, location: 2F 2-1: Ball 3-1: Base on Balls
|
|
Batting: RHB Longfellow Wetzler
|
0-0: SINGLE (Groundball, 56S, EV 61.9 MPH) (infield hit) Andy Chess to second
|
|
Batting: RHB Ashton Holloway
|
0-0: Ball 1-0: Called Strike 1-1: Ball 2-1: Grounds into double play, 6-4-3 (Groundball, 6, EV 87.5 MPH)
|
| Top of the 4th over - 0 runs, 1 hit, 0 errors, 1 left on base; Bowie 3 - Jackson 0 |
| BOTTOM OF THE 4TH |
|
Jackson Generals batting - Pitching for Bowie Baysox : RHP Andy Rondeau
|
|
Batting: LHB Tom Reynolds
|
0-0: Fly out, F8 (Line Drive, 8LM, EV 90.6 MPH)
|
|
Batting: LHB Matt Purke Jr.
|
0-0: Ball 1-0: Ball 2-0: Ball 3-0: Base on Balls
|
|
Batting: LHB Justin Long
|
0-0: Ball 1-0: Ball 2-0: SINGLE (Groundball, 34D, EV 96.9 MPH) Matt Purke Jr. to second Runner from 2nd tries for 3rd, OUT! 9-5
|
|
Batting: RHB Brad Robidas
|
0-0: TRIPLE (Line Drive, 89XD, EV 106.9 MPH) Justin Long scores
|
|
Batting: RHB Jesus Torres
|
0-0: Ball 1-0: Fly out, F9 (Flyball, 9LM, EV 91.2 MPH)
|
| Bottom of the 4th over - 1 run, 2 hits, 0 errors, 1 left on base; Bowie 3 - Jackson 1 |
| TOP OF THE 5TH |
|
Bowie Baysox batting - Pitching for Jackson Generals : RHP Chris Gilbo
|
|
Batting: RHB Danny Merrill
|
0-0: Ball 1-0: Ball 2-0: Ball 3-0: Base on Balls
|
|
Batting: RHB R.J. Chapple
|
0-0: Ball 1-0: Called Strike 1-1: Foul Ball, location: 2F 1-2: Strikes out looking
|
|
Batting: RHB Rudo Garciaparra
|
0-0: Ball Danny Merrill steals 2nd base 1-0: Foul Ball, location: 2F 1-1: Called Strike 1-2: Ground out 4-3 (Groundball, 4M, EV 90.6 MPH) Danny Merrill to third
|
|
Batting: RHB Chase Cassidy
|
0-0: Called Strike 0-1: Called Strike 0-2: Foul Ball, location: 2F 0-2: Ball 1-2: Ball 2-2: Foul Ball, location: 2F 2-2: Ball 3-2: Foul Ball, location: 2F 3-2: Ground out 6-3 (Groundball, 56, EV 100.6 MPH)
|
| Top of the 5th over - 0 runs, 0 hits, 0 errors, 1 left on base; Bowie 3 - Jackson 1 |
| BOTTOM OF THE 5TH |
|
Jackson Generals batting - Pitching for Bowie Baysox : RHP Andy Rondeau
|
|
Batting: RHB Malik Brookshire
|
0-0: Swinging Strike 0-1: Fly out, F7 (Flyball, 7LM, EV 89.4 MPH)
|
|
Batting: RHB Sean Peake
|
0-0: Ball 1-0: Foul Ball, location: 2F 1-1: Foul Ball, location: 2F 1-2: Ball 2-2: Ball 3-2: DOUBLE (Flyball, 89D, EV 110.0 MPH)
|
|
Batting: LHB Jerrod Cluck
|
0-0: Ball 1-0: Called Strike Sean Peake steals 3rd base 1-1: Ball 2-1: Ground out U3 (Groundball, 34, EV 81.9 MPH) Sean Peake scores
|
|
Batting: LHB Cliff Thomas
|
0-0: Foul Ball, location: 2F 0-1: Ball 1-1: Ground out 6-3 (Groundball, 6, EV 82.5 MPH)
|
| Bottom of the 5th over - 1 run, 1 hit, 0 errors, 0 left on base; Bowie 3 - Jackson 2 |
| TOP OF THE 6TH |
|
Bowie Baysox batting - Pitching for Jackson Generals : RHP Chris Gilbo
|
|
Pitching: RHP Aidan Martin
|
|
|
Batting: SHB Justin Toth
|
0-0: Ball 1-0: Called Strike 1-1: Foul Ball, location: 2F 1-2: Ball 2-2: Strikes out swinging
|
|
Batting: SHB Tony Pantaleon
|
0-0: Called Strike 0-1: Foul Ball, location: 2F 0-2: Ball 1-2: Strikes out swinging
|
|
Batting: RHB Andy Chess
|
0-0: Ball 1-0: SOLO HOME RUN (Flyball, 9D, EV 99.4 MPH), Distance : 386 ft
|
|
Batting: RHB Longfellow Wetzler
|
0-0: Called Strike 0-1: Foul Ball, location: 2F 0-2: Strikes out swinging
|
| Top of the 6th over - 1 run, 1 hit, 0 errors, 0 left on base; Bowie 4 - Jackson 2 |
| BOTTOM OF THE 6TH |
|
Jackson Generals batting - Pitching for Bowie Baysox : RHP Andy Rondeau
|
|
Batting: LHB Tom Reynolds
|
0-0: Called Strike 0-1: SINGLE (Line Drive, 7LS, EV 93.1 MPH)
|
|
Batting: LHB Matt Purke Jr.
|
0-0: Foul Ball, location: 2F 0-1: Ball 1-1: Ball 2-1: Called Strike 2-2: Foul Ball, location: 2F 2-2: SINGLE (Groundball, 4D, EV 101.9 MPH) Tom Reynolds to second Runner from 2nd tries for 3rd, SAFE, no throw by RF
|
|
Pitching: RHP Paulo Guincho
|
|
|
Batting: LHB Justin Long
|
0-0: Called Strike 0-1: Ball 1-1: Foul Ball, location: 2F 1-2: Strikes out looking
|
|
Batting: RHB Brad Robidas
|
0-0: Called Strike Matt Purke Jr. is caught stealing 2nd base 2-4 0-1: Ball 1-1: SINGLE (Line Drive, 7LM, EV 104.4 MPH) Tom Reynolds scores
|
|
Batting: RHB Jesus Torres
|
0-0: Called Strike 0-1: Called Strike Brad Robidas steals 2nd base 0-2: Foul Ball, location: 2F 0-2: Fly out, F4 (Popup, 34S, EV 78.8 MPH)
|
| Bottom of the 6th over - 1 run, 3 hits, 0 errors, 1 left on base; Bowie 4 - Jackson 3 |
| TOP OF THE 7TH |
|
Bowie Baysox batting - Pitching for Jackson Generals : RHP Aidan Martin
|
|
Pitching: RHP Yic Chen
|
|
|
Batting: RHB Ashton Holloway
|
0-0: Ball 1-0: Ball 2-0: Swinging Strike 2-1: Ground out U3 (Groundball, 34, EV 89.4 MPH)
|
|
Batting: RHB Danny Merrill
|
0-0: Ball 1-0: Ball 2-0: Fly out, F8 (Line Drive, 8LD, EV 91.2 MPH)
|
|
Batting: RHB R.J. Chapple
|
0-0: Swinging Strike 0-1: Ball 1-1: Ball 2-1: Swinging Strike 2-2: Strikes out swinging
|
| Top of the 7th over - 0 runs, 0 hits, 0 errors, 0 left on base; Bowie 4 - Jackson 3 |
| BOTTOM OF THE 7TH |
|
Jackson Generals batting - Pitching for Bowie Baysox : RHP Paulo Guincho
|
|
Pitching: RHP Mike Wheeler
|
|
|
Batting: RHB Malik Brookshire
|
0-0: SINGLE (Line Drive, 5D, EV 106.2 MPH)
|
|
Pinch Hitting: LHB Dwain Ashford
|
0-0: Ball 1-0: 2-RUN HOME RUN (Flyball, 89XD, EV 108.1 MPH), Distance : 431 ft
|
|
Pitching: LHP Justin Hinton
|
|
|
Batting: LHB Jerrod Cluck
|
0-0: Called Strike 0-1: Ball 1-1: Ball 2-1: Ground out 4-3 (Groundball, 4M, EV 88.1 MPH)
|
|
Batting: LHB Cliff Thomas
|
0-0: Foul Ball, location: 2F 0-1: SINGLE (Groundball, 4MD, EV 115.0 MPH)
|
|
Batting: LHB Tom Reynolds
|
0-0: Called Strike 0-1: Swinging Strike 0-2: Ball 1-2: Ball 2-2: Foul Ball, location: 2F 2-2: Foul Ball, location: 2F 2-2: Foul Ball, location: 2F 2-2: Strikes out looking
|
|
Batting: LHB Matt Purke Jr.
|
0-0: Called Strike 0-1: Ball 1-1: Ball 2-1: SINGLE (Flyball, 7LS, EV 90.6 MPH) Cliff Thomas to second
|
|
Batting: LHB Justin Long
|
0-0: Ball 1-0: Ball 2-0: Swinging Strike 2-1: Foul Ball, location: 2F 2-2: Fly out, F7 (Flyball, 78XD, EV 91.9 MPH)
|
| Bottom of the 7th over - 2 runs, 4 hits, 0 errors, 2 left on base; Bowie 4 - Jackson 5 |
| TOP OF THE 8TH |
|
Bowie Baysox batting - Pitching for Jackson Generals : RHP Yic Chen
|
|
Now at 1B: Cliff Thomas
|
|
|
Now in CF: Ignacio Bernal
|
|
|
Now in RF: Micah Roth
|
|
|
Batting: RHB Rudo Garciaparra
|
0-0: Ball 1-0: Ball 2-0: Ball 3-0: Called Strike 3-1: Base on Balls
|
|
Pitching: RHP Mark Case
|
|
|
Batting: RHB Chase Cassidy
|
0-0: Foul Ball, location: 2F 0-1: Ball 1-1: Ball 2-1: Ball 3-1: Called Strike 3-2: Strikes out swinging
|
|
Batting: SHB Justin Toth
|
0-0: Ball 1-0: Called Strike 1-1: Ball 2-1: Ball 3-1: Called Strike 3-2: Strikes out swinging
|
|
Batting: SHB Tony Pantaleon
|
0-0: Foul Ball, location: 2F 0-1: Called Strike 0-2: Foul Ball, location: 2F 0-2: Ball 1-2: Ball 2-2: Foul Ball, location: 2F 2-2: Foul Ball, location: 2F 2-2: Strikes out swinging
|
| Top of the 8th over - 0 runs, 0 hits, 0 errors, 1 left on base; Bowie 4 - Jackson 5 |
| BOTTOM OF THE 8TH |
|
Jackson Generals batting - Pitching for Bowie Baysox : LHP Justin Hinton
|
|
Pitching: RHP PÄske Olmqvist
|
|
|
Batting: RHB Brad Robidas
|
0-0: Called Strike 0-1: Swinging Strike 0-2: Foul Ball, location: 2F 0-2: Ball 1-2: Strikes out swinging
|
|
Batting: RHB Jesus Torres
|
0-0: Swinging Strike 0-1: Ball 1-1: Ball 2-1: Swinging Strike 2-2: Fly out, F8 (Line Drive, 8LD, EV 93.1 MPH)
|
|
Batting: RHB Malik Brookshire
|
0-0: Foul Ball, location: 2F 0-1: Foul Ball, location: 2F 0-2: Foul Ball, location: 2F 0-2: Foul Ball, location: 2F 0-2: SINGLE (Flyball, 34D, EV 95.6 MPH)
|
|
Batting: RHB Micah Roth
|
0-0: Ball Malik Brookshire steals 2nd base 1-0: Ball 2-0: Fly out, F8 (Flyball, 8LM, EV 88.8 MPH)
|
| Bottom of the 8th over - 0 runs, 1 hit, 0 errors, 1 left on base; Bowie 4 - Jackson 5 |
| TOP OF THE 9TH |
|
Bowie Baysox batting - Pitching for Jackson Generals : RHP Mark Case
|
|
Pitching: RHP Victor Cervantes
|
|
|
Batting: RHB Andy Chess
|
0-0: Ball 1-0: Foul Ball, location: 2F 1-1: Ground out 5-3 (Groundball, 5S, EV 76.9 MPH)
|
|
Batting: RHB Longfellow Wetzler
|
0-0: Ball 1-0: Foul Ball, location: 2F 1-1: Ball 2-1: Foul Ball, location: 2F 2-2: Strikes out swinging
|
|
Batting: RHB Ashton Holloway
|
0-0: Called Strike 0-1: Ball 1-1: Swinging Strike 1-2: Ball 2-2: Strikes out swinging
|
| Top of the 9th over - 0 runs, 0 hits, 0 errors, 0 left on base; Bowie 4 - Jackson 5 |
|